MID
LAKE COUNTY CAPTAINS @ WEST MICHIGAN WHITECAPS
09/06/2045
 
TOP OF THE 1ST
Lake County Captains batting - Pitching for West Michigan Whitecaps : RHP John Evancho
Pitching: RHP John Evancho
Batting: SHB Arturo Baez 0-0: Called Strike
0-1: Ball
1-1: Fly out, F8 (Line Drive, 8LD, EV 94.4 MPH)
Batting: SHB Travis Burnett 0-0: Ground out U3 (Groundball, 3S, EV 84.4 MPH)
Batting: RHB Carlos Abrego 0-0: Fly out, F8 (Flyball, 8RS, EV 97.5 MPH)
Top of the 1st over - 0 runs, 0 hits, 0 errors, 0 left on base; Lake County 0 - West Michigan 0
BOTTOM OF THE 1ST
West Michigan Whitecaps batting - Pitching for Lake County Captains : RHP Marcus Cox
Pitching: RHP Marcus Cox
Batting: RHB Tanner Purchase 0-0: Called Strike
0-1: Ball
1-1: Ball
2-1: Reached on error, E6 (Groundball, 6, EV 91.9 MPH)
Batting: SHB Sean Foley 0-0: Fly out, F9 (Flyball, 9S, EV 88.8 MPH)
Batting: SHB Ross Holland 0-0: Ball
Tanner Purchase steals 3rd base
1-0: Fly out, F9 (Flyball, 9LS, EV 76.2 MPH)
Batting: RHB Dan Becvar 0-0: Reached on error, E1 (Groundball, 15S, EV 75.6 MPH)
Tanner Purchase scores
Batting: LHB Oscar Gonzalez 0-0: Ball
1-0: Called Strike
1-1: Ball
2-1: Ground out 4-3 (Groundball, 4, EV 104.4 MPH)
Bottom of the 1st over - 1 run, 0 hits, 2 errors, 1 left on base; Lake County 0 - West Michigan 1
TOP OF THE 2ND
Lake County Captains batting - Pitching for West Michigan Whitecaps : RHP John Evancho
Batting: LHB Nate Trahan 0-0: Ball
1-0: Foul Ball, location: 2F
1-1: Ground out U3 (Groundball, 34S, EV 84.4 MPH)
Batting: RHB Steve Gusman 0-0: Ground out 5-3 (Groundball, 5, EV 88.8 MPH)
Batting: RHB Kenzo Shinoda 0-0: Foul Ball, location: 2F
0-1: Ball
1-1: Ball
2-1: Ground out 4-3 (Groundball, 34, EV 84.4 MPH)
Top of the 2nd over - 0 runs, 0 hits, 0 errors, 0 left on base; Lake County 0 - West Michigan 1
BOTTOM OF THE 2ND
West Michigan Whitecaps batting - Pitching for Lake County Captains : RHP Marcus Cox
Batting: SHB Jared Boyce 0-0: Called Strike
0-1: Foul Ball, location: 2F
0-2: Ball
1-2: SINGLE (Groundball, 34D, EV 98.8 MPH)
Batting: RHB Jordan Mejias 0-0: Called Strike
0-1: Grounds into double play, 6-4-3 (Groundball, 6, EV 83.1 MPH)
Batting: RHB Jon Pierce 0-0: Ball
1-0: Ground out 5-3 (Groundball, 15, EV 78.8 MPH)
Bottom of the 2nd over - 0 runs, 1 hit, 0 errors, 0 left on base; Lake County 0 - West Michigan 1
TOP OF THE 3RD
Lake County Captains batting - Pitching for West Michigan Whitecaps : RHP John Evancho
Batting: RHB Leo Roman 0-0: Foul Ball, location: 2F
0-1: Ball
1-1: Ball
2-1: Ground out 4-3 (Groundball, 4M, EV 84.4 MPH)
Batting: RHB Kevin Percy 0-0: Foul Ball, location: 2F
0-1: Ball
1-1: Foul Ball, location: 2F
1-2: Foul Ball, location: 2F
1-2: Strikes out swinging
Batting: RHB Ricky Lule 0-0: Ball
1-0: Called Strike
1-1: Reached on error, E6 (Groundball, 6, EV 86.9 MPH)
Batting: SHB Arturo Baez 0-0: Ball
1-0: Ball
2-0: Foul Ball, location: 2F
2-1: Ground out U3 (Groundball, 3, EV 84.4 MPH)
Top of the 3rd over - 0 runs, 0 hits, 1 error, 1 left on base; Lake County 0 - West Michigan 1
BOTTOM OF THE 3RD
West Michigan Whitecaps batting - Pitching for Lake County Captains : RHP Marcus Cox
Batting: RHB Sergio Valbuena 0-0: DOUBLE (Line Drive, 7LS, EV 93.1 MPH)
Batting: RHB Tanner Purchase 0-0: Ground out 2-3 (Groundball, 13S, EV 60.6 MPH)
Sergio Valbuena to third
Batting: SHB Sean Foley 0-0: Ball
1-0: Called Strike
1-1: SINGLE (Line Drive, 4M, EV 96.9 MPH)
Sergio Valbuena scores
Batting: SHB Ross Holland 0-0: Called Strike
0-1: Ball
1-1: Foul Ball, location: 2F
1-2: Strikes out looking
Batting: RHB Dan Becvar 0-0: Ball
1-0: Called Strike
Sean Foley steals 2nd base
1-1: Foul Ball, location: 2F
1-2: DOUBLE (Groundball, 5L, EV 106.9 MPH)
Sean Foley scores
Batting: LHB Oscar Gonzalez 0-0: SINGLE (Groundball, 34D, EV 98.1 MPH)
Dan Becvar to third
Runner from 3rd tries for Home, SAFE, throw by RF to home
Oscar Gonzalez to second
Batting: SHB Jared Boyce 0-0: SINGLE (Line Drive, 4D, EV 101.2 MPH)
Oscar Gonzalez to third
Runner from 3rd tries for Home, SAFE, throw by RF to home
Batting: RHB Jordan Mejias 0-0: Fielders Choice at 2nd, 5-4 (Groundball, 56, EV 98.8 MPH)
Bottom of the 3rd over - 4 runs, 5 hits, 0 errors, 1 left on base; Lake County 0 - West Michigan 5
TOP OF THE 4TH
Lake County Captains batting - Pitching for West Michigan Whitecaps : RHP John Evancho
Batting: SHB Travis Burnett 0-0: Ball
1-0: Foul Ball, location: 2F
1-1: Ball
2-1: Called Strike
2-2: Strikes out swinging
Batting: RHB Carlos Abrego 0-0: Foul Ball, location: 2F
0-1: Swinging Strike
0-2: Reached on error, E1 (Groundball, 15S, EV 65.0 MPH)
Batting: LHB Nate Trahan 0-0: Called Strike
0-1: Called Strike
0-2: Strikes out swinging
Batting: RHB Steve Gusman 0-0: Ball
1-0: Called Strike
1-1: Ball
2-1: Foul Ball, location: 2F
2-2: Foul Ball, location: 2F
2-2: Ground out 5-3 (Groundball, 5, EV 95.0 MPH)
Top of the 4th over - 0 runs, 0 hits, 1 error, 1 left on base; Lake County 0 - West Michigan 5
BOTTOM OF THE 4TH
West Michigan Whitecaps batting - Pitching for Lake County Captains : RHP Marcus Cox
Batting: RHB Jon Pierce 0-0: Foul Ball, location: 2F
0-1: Foul Ball, location: 2F
0-2: Foul Ball, location: 2F
0-2: Ball
1-2: Strikes out swinging
Batting: RHB Sergio Valbuena 0-0: Called Strike
0-1: Foul Ball, location: 2F
0-2: Strikes out swinging
Batting: RHB Tanner Purchase 0-0: Ball
1-0: Ground out 5-3 (Groundball, 56S, EV 86.2 MPH)
Bottom of the 4th over - 0 runs, 0 hits, 0 errors, 0 left on base; Lake County 0 - West Michigan 5
TOP OF THE 5TH
Lake County Captains batting - Pitching for West Michigan Whitecaps : RHP John Evancho
Batting: RHB Kenzo Shinoda 0-0: Swinging Strike
0-1: Ball
1-1: Called Strike
1-2: Ground out 5-3 (Groundball, 5L, EV 85.6 MPH)
Batting: RHB Leo Roman 0-0: Ground out 1-3 (Groundball, 13S, EV 60.6 MPH)
Batting: RHB Kevin Percy 0-0: Ball
1-0: Swinging Strike
1-1: Ball
2-1: SINGLE (Groundball, 6S, EV 68.8 MPH) (infield hit)
Batting: RHB Ricky Lule 0-0: Called Strike
0-1: Called Strike
0-2: Ball
1-2: Fly out, F6 (Line Drive, 6, EV 71.2 MPH)
Top of the 5th over - 0 runs, 1 hit, 0 errors, 1 left on base; Lake County 0 - West Michigan 5
BOTTOM OF THE 5TH
West Michigan Whitecaps batting - Pitching for Lake County Captains : RHP Marcus Cox
Batting: SHB Sean Foley 0-0: DOUBLE (Line Drive, 7LS, EV 91.2 MPH)
Batting: SHB Ross Holland 0-0: Ball
1-0: Ball
2-0: Ball
3-0: SINGLE (Groundball, 4D, EV 108.8 MPH)
Sean Foley to third
Batting: RHB Dan Becvar 0-0: Called Strike
0-1: Called Strike
0-2: Ball
1-2: Foul Ball, location: 2F
1-2: Ball
2-2: Ball
3-2: Fly out, F8 (Flyball, 8LD, EV 82.5 MPH)
Runner from 3rd tags up, OUT at HOME! 8-2
Ross Holland to second
Batting: LHB Oscar Gonzalez 0-0: Called Strike
0-1: Swinging Strike
0-2: Ball
1-2: Ball
2-2: Ball
3-2: Base on Balls
Batting: SHB Jared Boyce 0-0: Ball
1-0: Foul Ball, location: 2F
1-1: 3-RUN HOME RUN (Flyball, 9D, EV 103.1 MPH), Distance : 384 ft
Pitching: RHP Brent Demby
Batting: RHB Jordan Mejias 0-0: Ball
1-0: Called Strike
1-1: Called Strike
1-2: Strikes out looking
Bottom of the 5th over - 3 runs, 3 hits, 0 errors, 0 left on base; Lake County 0 - West Michigan 8
TOP OF THE 6TH
Lake County Captains batting - Pitching for West Michigan Whitecaps : RHP John Evancho
Batting: SHB Arturo Baez 0-0: Ground out 6-3 (Groundball, 6S, EV 80.0 MPH)
Batting: SHB Travis Burnett 0-0: Ground out 6-3 (Groundball, 6, EV 86.2 MPH)
Batting: RHB Carlos Abrego 0-0: Ball
1-0: Fly out, F7 (Flyball, 7, EV 78.1 MPH)
Top of the 6th over - 0 runs, 0 hits, 0 errors, 0 left on base; Lake County 0 - West Michigan 8
BOTTOM OF THE 6TH
West Michigan Whitecaps batting - Pitching for Lake County Captains : RHP Brent Demby
Batting: RHB Jon Pierce 0-0: Swinging Strike
0-1: Swinging Strike
0-2: Strikes out swinging
Batting: RHB Sergio Valbuena 0-0: Ball
1-0: Ball
2-0: Ball
3-0: Swinging Strike
3-1: Ground out 6-3 (Groundball, 6M, EV 87.5 MPH)
Batting: RHB Tanner Purchase 0-0: Ball
1-0: Ball
2-0: Ball
3-0: Base on Balls
Batting: SHB Sean Foley 0-0: Ball
1-0: Called Strike
1-1: Swinging Strike
1-2: Ball
2-2: Reached on error, E6 (Groundball, 6M, EV 79.4 MPH)
Tanner Purchase to second
Pitching: RHP Victor Amador
Batting: SHB Ross Holland 0-0: Foul Ball, location: 2F
0-1: SINGLE (Groundball, 15S, EV 69.4 MPH) (infield hit)
Tanner Purchase to third
Sean Foley to second
Batting: RHB Dan Becvar 0-0: Ball
1-0: Ball
2-0: Foul Ball, location: 2F
2-1: Swinging Strike
2-2: Foul Ball, location: 2F
2-2: Strikes out swinging
Bottom of the 6th over - 0 runs, 1 hit, 1 error, 3 left on base; Lake County 0 - West Michigan 8
TOP OF THE 7TH
Lake County Captains batting - Pitching for West Michigan Whitecaps : RHP John Evancho
Batting: LHB Nate Trahan 0-0: Ball
1-0: Called Strike
1-1: Called Strike
1-2: Ball
2-2: Ground out 6-3 (Groundball, 6, EV 85.0 MPH)
Batting: RHB Steve Gusman 0-0: Reached on error, E5 (Groundball, 56, EV 103.8 MPH)
Batting: RHB Kenzo Shinoda 0-0: Ground out 4-3 (Groundball, 4M, EV 85.6 MPH)
Steve Gusman to third
Batting: RHB Leo Roman 0-0: Foul Ball, location: 2F
0-1: Called Strike
0-2: Strikes out looking
Top of the 7th over - 0 runs, 0 hits, 1 error, 1 left on base; Lake County 0 - West Michigan 8
BOTTOM OF THE 7TH
West Michigan Whitecaps batting - Pitching for Lake County Captains : RHP Victor Amador
Batting: LHB Oscar Gonzalez 0-0: Ball
1-0: Called Strike
1-1: Ball
2-1: Foul Ball, location: 2F
2-2: Ground out 6-3 (Groundball, 6, EV 101.9 MPH)
Batting: SHB Jared Boyce 0-0: Foul Ball, location: 2F
0-1: Ball
1-1: Called Strike
1-2: Ball
2-2: DOUBLE (Line Drive, 89XD, EV 107.5 MPH)
Pitching: RHP Mario del Rio
Batting: RHB Jordan Mejias 0-0: Ball
1-0: Called Strike
1-1: SINGLE (Flyball, 56D, EV 91.2 MPH)
Jared Boyce to third
Batting: RHB Jon Pierce 0-0: SINGLE (Groundball, 6, EV 98.8 MPH)
Jared Boyce scores
Jordan Mejias to second
Batting: RHB Sergio Valbuena 0-0: Foul Ball, location: 2F
0-1: Ball
1-1: SINGLE (Flyball, 6D, EV 81.2 MPH)
Jordan Mejias to third
Jon Pierce to second
Batting: RHB Tanner Purchase 0-0: Foul Ball, location: 2F
0-1: SINGLE (Flyball, 34D, EV 91.2 MPH)
Jordan Mejias scores
Jon Pierce to third
Sergio Valbuena to second
Batting: SHB Sean Foley 0-0: Ball
1-0: Ball
2-0: Ball
3-0: Called Strike
3-1: Fly out, F5 (Popup, 56S, EV 82.5 MPH)
Batting: SHB Ross Holland 0-0: Called Strike
0-1: Ball
1-1: Foul Ball, location: 2F
1-2: Strikes out swinging
Bottom of the 7th over - 2 runs, 5 hits, 0 errors, 3 left on base; Lake County 0 - West Michigan 10
TOP OF THE 8TH
Lake County Captains batting - Pitching for West Michigan Whitecaps : RHP John Evancho
Batting: RHB Kevin Percy 0-0: Ball
1-0: Foul Ball, location: 2F
1-1: Ball
2-1: Foul Ball, location: 2F
2-2: Foul Ball, location: 2F
2-2: Ball
3-2: Foul Ball, location: 2F
3-2: Ground out 5-3 (Groundball, 56S, EV 93.8 MPH)
Batting: RHB Ricky Lule 0-0: Ball
1-0: Foul Ball, location: 2F
1-1: Ground out 6-3 (Groundball, 6, EV 110.0 MPH)
Batting: SHB Arturo Baez 0-0: Ball
1-0: SINGLE (Line Drive, 6M, EV 97.5 MPH)
Batting: SHB Travis Burnett 0-0: Swinging Strike
0-1: Called Strike
0-2: Strikes out swinging
Top of the 8th over - 0 runs, 1 hit, 0 errors, 1 left on base; Lake County 0 - West Michigan 10
BOTTOM OF THE 8TH
West Michigan Whitecaps batting - Pitching for Lake County Captains : RHP Mario del Rio
Pitching: RHP Tim bin Fadi
Pinch Hitting: RHB Jamie Bass 0-0: Called Strike
0-1: Fly out, F9 (Flyball, 9, EV 78.8 MPH)
Batting: LHB Oscar Gonzalez 0-0: Foul Ball, location: 2F
0-1: Foul Ball, location: 2F
0-2: Strikes out looking
Batting: SHB Jared Boyce 0-0: Called Strike
0-1: Foul Ball, location: 2F
0-2: Strikes out swinging
Bottom of the 8th over - 0 runs, 0 hits, 0 errors, 0 left on base; Lake County 0 - West Michigan 10
TOP OF THE 9TH
Lake County Captains batting - Pitching for West Michigan Whitecaps : RHP John Evancho
Now at 2B: Jamie Bass
Now at SS: Sean Foley
Batting: RHB Zach Shaughnessy 0-0: Ball
1-0: Foul Ball, location: 2F
1-1: Swinging Strike
1-2: Strikes out looking
Batting: LHB Nate Trahan 0-0: Foul Ball, location: 2F
0-1: Foul Ball, location: 2F
0-2: Ball
1-2: Ground out 5-3 (Groundball, 5, EV 78.8 MPH)
Batting: RHB Steve Gusman 0-0: Called Strike
0-1: Ball
1-1: Ground out 4-3 (Groundball, 4M, EV 88.1 MPH)
Top of the 9th over - 0 runs, 0 hits, 0 errors, 0 left on base; Lake County 0 - West Michigan 10
Wednesday, June 22nd , 2022 - OOTP Baseball 23.4 Build 64